 Dungeon Crawl Stone Soup version 0.29-a0-409-gd843f3a48c (webtiles) character file.

Game seed: 10734551860660772806

7903 Lekart the Fighter (level 11, -2/104 HPs)
             Began as a Yellow Draconian Chaos Knight on May 13, 2022.
             Was a Plaything of Xom.
             Slain by Maggie
             ... wielding a +2 broad axe of flaming
              (12 damage)
             ... on level 10 of the Dungeon.
             The game lasted 00:21:11 (8635 turns).

Lekart the Fighter (Yellow Draconian Chaos Knight)  Turns: 8635, Time: 00:21:12

Health: -2/104     AC: 10    Str: 16      XL:     11   Next: 2%
Magic:  11/11      EV: 15    Int: 10      God:    Xom [*.....]
Gold:   499        SH:  0    Dex: 10 (12) Spells: 10/10 levels left

rFire   x . .      SeeInvis .   a - +0 falchion (chaos)
rCold   . . .      Faith    .   (no shield)
rNeg    + + .      Spirit   .   (body armour unavailable)
rPois   .          Reflect  .   (helmet restricted)
rElec   .          Harm     .   y - +0 cloak of the Eternal Void {rF- rN++ Slay+4}
rCorr   +          Rampage  .   c - +0 pair of gloves
Will    .....                   B - +0 pair of boots
Stlth   +.........              (no amulet)
HPRegen 1.07/turn               d - ring of resist corrosion
MPRegen 0.12/turn               (no ring)

@: unable to read
A: spit acid, AC +7, unfitting armour, cold-blooded, acid resistance, beak,
clumsy 1, dopey 1, regeneration 1, inability to read while threatened
a: Breathe Acid, Renounce Religion


You were on level 10 of the Dungeon.
You worshipped Xom.
You were a special plaything of Xom.
You visited 1 branch of the dungeon, and saw 9 of its levels.
You also visited: Ossuary.

You collected 720 gold pieces.
You spent 221 gold pieces at shops.

Inventory:

Hand Weapons
 a - a +0 falchion of chaos (weapon)
Armour
 c - a +0 pair of gloves (worn)
 q - a +0 cloak
 y - the +0 cloak of the Eternal Void (worn) {rF- rN++ Slay+4}
   (You acquired it on level 8 of the Dungeon)

   Slay:      It affects your accuracy & damage with ranged weapons and melee
   (+4).
   rF:        It makes you vulnerable to fire.
   rN:        It greatly protects you from negative energy.
 B - a +0 pair of boots (worn)
Jewellery
 d - a ring of resist corrosion (left hand)
 m - a ring of wizardry
 u - a ring of wizardry
Wands
 f - a wand of digging (7)
 k - a wand of polymorph (10)
 r - a wand of flame (26)
 t - a wand of paralysis (3)
 v - a wand of iceblast (12)
Scrolls
 j - a scroll of poison
 n - 3 scrolls of immolation
 o - 2 scrolls of fog
 p - a scroll of silence
 s - a scroll of fear
 w - 2 scrolls of magic mapping
 D - 2 scrolls of enchant weapon
Potions
 g - a potion of degeneration {unknown}
 h - 2 potions of ambrosia
 i - a potion of lignification
 l - 3 potions of attraction
 x - a potion of brilliance
 z - a potion of curing
Miscellaneous
 b - a piece from Xom's chessboard (15/15) (quivered)


   Skills:
 * Level 11.6 Fighting
 + Level 7.9 Long Blades
 * Level 9.7 Dodging
 + Level 5.2 Evocations


You had 10 spell levels left.
You didn't know any spells.
Your spell library contained the following spells:

 Spells                   Type           Power      Damage    Failure   Level
 Animate Skeleton         Necr           0%         N/A       36%         1
 Foxfire                  Conj/Fire      0%         2x1d4     36%         1
 Pain                     Necr           0%         1d4       36%         1
 Slow                     Hex            0%         N/A       36%         1
 Scorch                   Fire           0%         2d5       50%         2
 Confusing Touch          Hex            0%         N/A       75%         3
 Conjure Flame            Conj/Fire      0%         6-21      75%         3
 Gell's Gravitas          Tloc           0%         N/A       75%         3
 Inner Flame              Hex/Fire       0%         N/A       75%         3
 Lesser Beckoning         Tloc           0%         N/A       75%         3
 Teleport Other           Tloc           0%         N/A       75%         3
 Vampiric Draining        Necr           0%         2d6       75%         3
 Flame Wave               Conj/Fire      0%         2d4       98%         4
 Agony                    Necr           0%         N/A       100%        5
 Excruciating Wounds      Necr           0%         N/A       100%        5
 Summon Cactus Giant      Summ           0%         N/A       100%        6


Dungeon Overview and Level Annotations

Branches:
Dungeon (10/15)              Lair (0/6) D:9             Orc (0/2) D:9
Ossuary (visited)
 Temple: D:4-7

Altars:
Cheibriados
Hepliaklqana
Okawaru
Qazlal
Uskayaw
Wu Jian
Xom
The Shining One

Shops:
D:1 (   D:3 *   D:5 [   D:8 !

Annotations:
D:10 Maggie


Innate Abilities, Weirdness & Mutations

You can spit globs of acid.
Your golden yellow scales are hard. (AC +7)
You cannot fit into any form of body armour.
You are cold-blooded and may be slowed by cold attacks.
You are resistant to acid. (rCorr)
You have a beak for a mouth.
You are clumsy. (Dex -2)
You are dopey. (Int -2)
Your natural rate of healing is unusually fast.
You sometimes lose the ability to read scrolls when taking damage.


Message History

Something completely misses you.
You see here a potion of lignification.
Something barely misses you. Something hits you but does no damage.
Something hits you.
* * * LOW HITPOINT WARNING * * *
Found 5 gold pieces.
Something hits you.
* * * LOW HITPOINT WARNING * * *
Something hits you.
* * * LOW HITPOINT WARNING * * *
The white imp lashes its tail.
Something hits you.
* * * LOW HITPOINT WARNING * * *
The yak bellows!
Something hits you.
* * * LOW HITPOINT WARNING * * *
Something hits you but does no damage. Something hits you.
* * * LOW HITPOINT WARNING * * *
The white imp disappears in a puff of smoke!
Something barely misses you.
The yak bellows!
Something closely misses you.
As you read the scroll of teleportation, it crumbles to dust.
You feel strangely unstable. Something hits you but does no damage.
The yak misses you. Something completely misses you. Something hits you.
* * * LOW HITPOINT WARNING * * *
Something hits you!
You feel threatened and lose the ability to read scrolls!
* * * LOW HITPOINT WARNING * * *
Your surroundings suddenly seem different.
Maggie and 3 killer bees come into view.
Maggie is wielding a +2 broad axe of flaming.
Found a large emerald ring.
Xom is highly amused!
Maggie shouts!
The killer bee buzzes angrily. x2
A killer bee comes into view.
Maggie hits you with a +2 broad axe of flaming!
You die...
Xom roars with laughter!

#... #........
#...###........
...............
...............
.............
........... .
#.......@# ..
.y.....@.# .#
..........#
.....
y......####
#..... =.y.y..
...... .......
..... .......
#.... ....... .
#.. ....... ..
##. ... #..


You could see Maggie and 4 killer bees.

Vanquished Creatures
  A death yak (D:9)
  Pikel (D:8)
  A cyclops (D:8)
  Maurice (D:7)
  Joseph (D:8)
  A komodo dragon (D:9)
  2 trolls
  A slime creature (D:7)
  2 vampires
  2 wyverns
  A basilisk (D:9)
  A steam dragon (D:8)
  2 water moccasins
  An ice beast (D:7)
  An ogre (D:7)
  5 black bears
  A lemure (D:8)
  4 centaurs
  A phantom (D:6)
  2 kobold brigands
  An elf zombie (Ossuary)
  2 bullfrogs
  A scorpion (D:10)
  2 necrophages
  12 wights
  11 killer bees
  5 howler monkeys
  A centaur zombie (Ossuary)
  2 orc priests
  3 jellies
  4 gnoll shamans
  4 human zombies (Ossuary)
  2 iguanas
  4 orc wizards
  3 hound zombies (Ossuary)
  3 mummies (Ossuary)
  An adder (D:2)
  12 gnolls
  2 shadow imps
  A white imp (D:7)
  An ufetubus (D:5)
  An adder zombie (Ossuary)
  3 worms (D:2)
  3 dart slugs
  15 orcs
  6 ball pythons
  4 endoplasms (D:1)
  2 giant cockroaches
  4 goblins
  5 hobgoblins
  2 jackals (D:5)
  12 kobolds
  A quokka (D:2)
  4 bats
  4 frilled lizards
  4 goblin zombies (Ossuary)
  4 hobgoblin zombies (Ossuary)
  A jackal zombie (Ossuary)
  8 kobold zombies (Ossuary)
  4 quokka zombies (Ossuary)
  3 rats
  6 rat zombies (Ossuary)
205 creatures vanquished.

Vanquished Creatures (collateral kills)
  A bullfrog (D:6)
  An iguana (D:7)
  An ufetubus (D:7)
3 creatures vanquished.

Vanquished Creatures (others)
  A necrophage (D:5)
  2 orc wizards
  2 fungi (D:5)
  6 plants (D:3)
  3 toadstools (D:5)
14 creatures vanquished.

Grand Total: 222 creatures vanquished

Notes
Turn   | Place    | Note
-------+----------+-------------------------------------------
     0 | D:1      | Lekart the Draconian Chaos Knight began the quest for the
                  | Orb.
     0 | D:1      | Reached XP level 1. HP: 19/19 MP: 1/1
   115 | D:1      | Reached XP level 2. HP: 26/26 MP: 2/2
   623 | D:1      | XOM: polymorph goblin -> orc
   754 | D:1      | Reached XP level 3. HP: 31/33 MP: 3/3
   841 | D:1      | XOM: god gift: runed fluorescent wand {god gift}
   911 | D:1      | XOM: give mutations
   911 | D:1      | Gained mutation: You sometimes lose the ability to read
                  | scrolls when taking damage. [Xom's mischief]
   911 | D:1      | Gained mutation: You are clumsy. (Dex -2) [Xom's mischief]
   911 | D:1      | Gained mutation: You are frail. (-10% HP) [Xom's mischief]
   911 | D:1      | Lost mutation: You are frail. (-10% HP) [Xom's mischief]
   978 | D:1      | Found Fosm's Antique Weapon Emporium.
  1089 | D:2      | Reached skill level 4 in Fighting
  1105 | D:2      | XOM: give mutations
  1105 | D:2      | Gained mutation: You are dopey. (Int -2) [Xom's mischief]
  1105 | D:2      | Gained mutation: You are frail. (-10% HP) [Xom's mischief]
  1105 | D:2      | Gained mutation: Your system is resistant to poisons.
                  | (rPois) [Xom's mischief]
  1105 | D:2      | Gained mutation: You are very frail. (-20% HP) [Xom's
                  | mischief]
  1274 | D:2      | XOM is BORED!
  1274 | D:2      | XOM: 5-stop teleportation journey
  1869 | D:2      | XOM: give mutations
  1869 | D:2      | Gained mutation: Your natural rate of healing is unusually
                  | fast. [Xom's grace]
  1869 | D:2      | Gained mutation: Your flesh is cold resistant. (rC+) [Xom's
                  | grace]
  1869 | D:2      | Gained mutation: You are strong-willed. (Will+) [Xom's
                  | grace]
  1869 | D:2      | Lost mutation: You are very frail. (-20% HP) [Xom's grace]
  2285 | D:3      | Found Jigakkie's Assorted Antiques.
  2346 | D:3      | XOM: 4-stop teleportation journey
  2352 | D:3      | Reached XP level 4. HP: 36/36 MP: 4/4
  2419 | D:3      | Found a glowing golden altar of the Shining One.
  2494 | D:3      | XOM: 1-stop teleportation journey
  2621 | D:3      | You fall into a shaft and drop 2 floors!
  2621 | D:5      | Entered Level 5 of the Dungeon
  2623 | D:5      | Lost mutation: Your system is resistant to poisons. (rPois)
                  | [potion of mutation]
  2623 | D:5      | Lost mutation: You are strong-willed. (Will+) [potion of
                  | mutation]
  2623 | D:5      | Lost mutation: Your flesh is cold resistant. (rC+) [potion
                  | of mutation]
  2623 | D:5      | Gained mutation: You are weak. (Str -2) [potion of
                  | mutation]
  2623 | D:5      | Gained mutation: You are covered in fur. (AC +1) [potion of
                  | mutation]
  2623 | D:5      | Gained mutation: You tend to lose your temper in combat.
                  | [potion of mutation]
  2623 | D:5      | Gained mutation: You have a beak for a mouth. [potion of
                  | mutation]
  2630 | D:5      | XOM: silly message
  2642 | D:5      | Found Wucweap's Antique Armour Shop.
  2777 | D:5      | Found a sand-covered staircase.
  2781 | Ossuary  | Entered an ossuary
  2879 | Ossuary  | XOM: enchant monster (bad)
  2885 | Ossuary  | XOM: cleaving
  2892 | Ossuary  | Reached XP level 5. HP: 42/42 MP: 5/5
  2932 | Ossuary  | Reached skill level 5 in Fighting
  2987 | Ossuary  | XOM: summons friendly white imp
  2992 | Ossuary  | XOM: enchant monster (good)
  3009 | Ossuary  | Reached XP level 6. HP: 21/50 MP: 6/6
  3034 | Ossuary  | XOM: scenery: create altars
  3097 | Ossuary  | XOM: divination: magic mapping
  3099 | Ossuary  | XOM: divination: detect creatures
  3158 | Ossuary  | XOM: butterfly on damage
  3282 | D:5      | XOM: divination: detect items
  3316 | D:5      | XOM: divination: detect creatures
  3355 | D:5      | Reached skill level 6 in Fighting
  3385 | D:5      | XOM: divine lightning
  3395 | D:5      | Your scales start taking on a golden yellow colour.
  3395 | D:5      | Reached XP level 7. HP: 41/56 MP: 7/7
  3395 | D:5      | Gained mutation: You are resistant to acid. (rCorr) [Yellow
                  | Draconian growth]
  3398 | D:5      | XOM: fog
  3425 | D:5      | Reached skill level 5 in Dodging
  3676 | D:5      | XOM: smoke on damage
  3726 | D:5      | XOM: butterfly on damage
  3737 | D:5      | XOM: cleaving
  4017 | D:5      | Identified the +7 hand axe "Embalmer" {freeze, rF+ rN++
                  | Int-2}
  4232 | D:6      | XOM: divination: detect creatures
  4236 | D:6      | XOM: potion effect (haste)
  4251 | D:6      | XOM: noise
  4252 | D:6      | XOM: summons 4 friendly demons
  4267 | D:6      | Reached skill level 7 in Fighting
  4267 | D:6      | Reached skill level 5 in Long Blades
  4283 | D:6      | Reached XP level 8. HP: 63/65 MP: 8/8
  4390 | D:6      | Found a hide-covered altar of Uskayaw.
  4393 | D:6      | Found a snail-covered altar of Cheibriados.
  4419 | D:6      | XOM: fog
  4591 | D:6      | Found an iron altar of Okawaru.
  4649 | D:6      | XOM: potion effect (haste)
  4838 | D:6      | XOM: cloud trail
  4852 | D:7      | Reached skill level 8 in Fighting
  4879 | D:7      | XOM: god gift: book of Displacement
  5191 | D:7      | XOM: confuse monster(s)
  5203 | D:7      | Reached skill level 1 in Evocations
  5234 | D:7      | XOM: summons 3 hostile shadow creatures
  5372 | D:7      | XOM: 4-stop teleportation journey
  5399 | D:7      | XOM: chaos cloud
  5402 | D:7      | Reached XP level 9. HP: 39/73 MP: 9/9
  5411 | D:7      | XOM: chaos cloud
  5466 | D:7      | XOM: give mutations
  5466 | D:7      | Lost mutation: You are covered in fur. (AC +1) [Xom's
                  | mischief]
  5466 | D:7      | Lost mutation: You tend to lose your temper in combat.
                  | [Xom's mischief]
  5466 | D:7      | Lost mutation: You are frail. (-10% HP) [Xom's mischief]
  5466 | D:7      | Lost mutation: You are weak. (Str -2) [Xom's mischief]
  5509 | D:7      | XOM: 3-stop teleportation journey
  5542 | D:7      | Reached skill level 9 in Fighting
  5993 | D:7      | XOM: enchant monster (bad)
  6005 | D:7      | XOM: stat loss: -1 Int (9/10)
  6022 | D:7      | XOM: enchant monster (good)
  6151 | D:7      | Identified the +1 leather armour "Hummiq" {*Corrode rElec
                  | Slay+6 Stlth+}
  6237 | D:8      | Noticed Maurice
  6239 | D:8      | XOM: enchant monster (good)
  6246 | D:7      | XOM: divination: detect creatures
  6247 | D:7      | XOM: enchant monster (good)
  6269 | D:7      | Killed Maurice
  6330 | D:8      | XOM: silly message
  6360 | D:8      | Noticed Pikel
  6372 | D:8      | XOM: summons friendly ufetubus
  6375 | D:8      | XOM: summons friendly iron imp
  6380 | D:8      | XOM: cast spell 'Summon Dragon'
  6389 | D:8      | XOM: confuse monster(s)
  6392 | D:8      | Killed Pikel
  6393 | D:8      | Reached skill level 10 in Fighting
  6465 | D:8      | Reached XP level 10. HP: 26/93 MP: 10/10
  6665 | D:8      | Noticed a cyclops
  6668 | D:8      | XOM: smoke on damage
  6675 | D:8      | Killed a cyclops
  6714 | D:8      | Found Gifiret's Distillery.
  6741 | D:8      | Bought 2 potions of curing for 78 gold pieces
  6741 | D:8      | Bought a potion of heal wounds for 65 gold pieces
  6741 | D:8      | Bought a potion of curing for 39 gold pieces
  6741 | D:8      | Bought a potion of curing for 39 gold pieces
  6846 | D:8      | Identified a scroll of acquirement
  6846 | D:8      | Acquired the +0 cloak of the Eternal Void {rF- rN++ Slay+4}
  6866 | D:8      | Noticed Joseph
  6881 | D:8      | Killed Joseph
  6920 | D:8      | XOM: scenery: 1 doors open, 2 doors close
  7085 | D:8      | Found a faded altar of an unknown god.
  7086 | D:8      | Found a hazy altar of Hepliaklqana.
  7339 | D:9      | XOM: scenery: 1 doors open
  7380 | D:9      | XOM: god gift: 6 curare-tipped darts
  7465 | D:9      | Found a staircase to the Lair.
  7465 | D:9      | Noticed a death yak
  7466 | D:9      | XOM: silly message
  7476 | D:9      | Reached skill level 11 in Fighting
  7501 | D:9      | XOM: scenery: create altars
  7502 | D:9      | XOM: confuse monster(s)
  7511 | D:9      | Killed a death yak
  7647 | D:9      | Found a staircase to the Orcish Mines.
  7664 | D:9      | Reached skill level 5 in Evocations
  8227 | D:9      | Found an ornate altar of the Wu Jian Council.
  8450 | D:10     | Entered Level 10 of the Dungeon
  8485 | D:10     | Found a stormy altar of Qazlal.
  8496 | D:10     | XOM: polymorph centaur -> sky beast
  8498 | D:10     | XOM: polymorph sky beast -> scorpion
  8511 | D:10     | XOM: summons friendly crimson imp
  8520 | D:10     | Reached XP level 11. HP: 93/103 MP: 11/11
  8573 | D:10     | XOM: summons 6 hostile demons
  8575 | D:10     | HP: 3/104 [yak (13)]
  8607 | D:10     | XOM: 3-stop teleportation journey
  8635 | D:10     | Noticed Maggie
  8635 | D:10     | Slain by Maggie

Illustrated notes

Levels and vault maps discovered:
D:1:      lemuel_arrival_rhombus, layout_rooms, serial_shops,
          nicolae_shop_overgrown_old_shop, kennysheep_small_spiral,
          minmay_crystal_water, chequers_decorated_corner
D:2:      layout_loops_corners, serial_bayou, serial_bayou_pond_a,
          serial_bayou_pond_a, serial_bayou_shore_b, serial_bayou_pond_c
D:3:      layout_loops_corners, mainiacjoe_overflow_24_doors, serial_shops,
          shop, columned_hall_lemuel, hangedman_abyss_or_decor_stabs,
          chequers_big_river, dilly_guarded_unrand_throatcut
D:5:      layout_basic, serial_shops, shop, enter_ossuary_5, solitary_fountain,
          minmay_gold_behind_fungi, kennysheep_generic_room_7
D:6:      layout_rooms, mainiacjoe_overflow_chevrons,
          chequers_temple_overflow_statue_of_worship, nicolae_figureground_pulse
D:7:      minmay_slanted_spiral_squares, layout_layer_cave
D:8:      layout_basic, beargit_hepliaklqana_dungeon_heroes, serial_shops,
          nicolae_lakefront_shop, uniq_pikel, uniq_maurice, uniq_joseph
D:9:      layout_basic, nzn_wu_jian_council_hall, david_lair_generic
D:10:     layout_cave_pools, nicolae_qazlal_general_emergency,
          gammafunk_ghost_hive, uniq_maggie

Skill      XL: |  1  2  3  4  5  6  7  8  9 10 |
---------------+-------------------------------+-----
Fighting       | 4 5 6 7 8 10 11 | 11.6
Dodging        | 3 4 5 7 8 9 |  9.7
Long Blades    | 4 5 6 7 |  7.9
Evocations     | 1 3 5 |  5.2

Action                   |  1- 3 |  4- 6 |  7- 9 | 10-12 || total
-------------------------+-------+-------+-------+-------++-------
Melee: Falchion          |   126 |   216 |   364 |   176 ||   882
       Tailslap          |    13 |    31 |    38 |    18 ||   100
       Peck              |       |    34 |    78 |    41 ||   153
       Punch             |       |     1 |     7 |     3 ||    11
       Unarmed           |       |       |       |    25 ||    25
 Abil: Breathe Acid      |       |       |     7 |     6 ||    13
Evoke: Wand              |       |       |     7 |    30 ||    37
  Use: Scroll            |     6 |     1 |    11 |     5 ||    23
       Potion            |     1 |     1 |     9 |     6 ||    17
 Stab: Paralysed         |     1 |     3 |       |       ||     4
       Confused          |     2 |       |       |     2 ||     4
       Petrified         |       |       |    19 |       ||    19
       Petrifying        |       |       |     2 |       ||     2
Armor: Skin              |    71 |   107 |   198 |   221 ||   597
Dodge: Dodged            |    71 |   131 |   354 |   245 ||   801

Table legend: (Time is in decaauts)
 A = Elapsed time spent in this place.
 B = Non-inter-level travel time spent in this place.
 C = Inter-level travel time spent in this place.
 D = Time resting spent in this place.
 E = Time spent auto-exploring this place.
 F = Levels seen in this place.
 G = Mean time per level.
                   A        B        C        D        E       F      G
               +--------+--------+--------+--------+--------+-----+--------+
         Total |   8635 |   8383 |    252 |    453 |   5835 |  10 |  863.5 |
       Dungeon |   8102 |   7850 |    252 |    348 |   5745 |   9 |  900.2 |
       Ossuary |    532 |    532 |      0 |    105 |     90 |   1 |  532.0 |
               +--------+--------+--------+--------+--------+-----+--------+

Top non-repeatable levels by time:
     D:7: 1456 daAuts
     D:9: 1141 daAuts
     D:1: 1087 daAuts
     D:5: 1077 daAuts
     D:8: 1032 daAuts
     D:2: 1031 daAuts
     D:6: 560 daAuts
     D:3: 533 daAuts
 Ossuary: 532 daAuts
    D:10: 181 daAuts
